 Dungeon Crawl Stone Soup version 0.31-a0-876-gfe8ebadbca (webtiles) character file.

Game seed: 11986102211738239718

294 Naiya55 the Chiller (level 6, -3/49 HPs)
             Began as a Naga Ice Elementalist on Oct 13, 2023.
             Slain by Grinder (7 damage)
             ... while paralysed by Grinder
             ... on level 3 of the Dungeon.
             The game lasted 00:07:27 (2848 turns).

Naiya55 the Chiller (Naga Ice Elementalist)         Turns: 2848, Time: 00:07:28

Health: -3/49      AC:  4    Str: 11    XL:     6   Next: 33%
Magic:  5/9        EV:  1    Int: 17    God:
Gold:   66         SH:  0    Dex: 11    Spells: 5/9 levels left

rFire   + . .        p - +1 trident (protect)
rCold   . . .        (no shield)
rNeg    . . .        a - +0 robe
rPois   +            (no helmet)
rElec   .            o - +0 cloak
rCorr   .            (no gloves)
SInv    +            (no barding)
Will    .....        (no amulet)
Stlth   ++           e - ring of flight
HPRegen 0.28/turn    l - ring of protection from fire
MPRegen 0.11/turn

%: no passive effects
@: paralysed, flying, very slow
A: AC +2, large, see invisible, deformed body, poison resistance, slowness 2,
spit poison 1, naga tail 1
a: Spit Poison


You were on level 3 of the Dungeon.
You visited 1 branch of the dungeon, and saw 3 of its levels.

You collected 66 gold pieces.

Inventory:

Hand Weapons
 p - a +1 trident of protection (weapon)
Armour
 a - a +0 robe (worn)
 o - a +0 cloak (worn)
Jewellery
 e - a ring of flight (left hand)
 l - a ring of protection from fire (right hand)
Scrolls
 f - a scroll of identify
 i - a scroll of fear {unknown}
 k - 2 scrolls of acquirement {unknown}
 m - a scroll of silence {unknown}
 n - 2 scrolls of teleportation {unknown}
Potions
 b - 2 potions of magic
 c - a potion of lignification {unknown}
 d - a potion of mutation {unknown}
 h - 2 potions of brilliance {unknown}
 j - 4 potions of curing {unknown}


   Skills:
 - Level 1.5 Dodging
 - Level 3.0 Stealth
 - Level 2.0 Spellcasting
 + Level 7.4 Ice Magic


You had 5 spell levels left.
You knew the following spells:

 Your Spells              Type           Power      Damage    Failure   Level
a - Freeze                Ice            100%       1d10      1%          1
b - Frozen Ramparts       Ice            54%        1d9       2%          3

Your spell library contained the following spells:

 Spells                   Type           Power      Damage    Failure   Level
 Ozocubu's Armour         Ice            27%        N/A       2%          3
 Summon Ice Beast         Ice/Summ       14%        N/A       38%         4


Dungeon Overview and Level Annotations

Branches:
Dungeon (3/15)

Altars:
Hepliaklqana

Shops:
D:2 (

Annotations:
D:3 1 runed translucent door, DocEon's ghost, amateur MiBe; Grinder


Innate Abilities, Weirdness & Mutations

Your serpentine skin is tough. (AC +2)
You have supernaturally acute eyesight. (SInv)
Armour fits poorly on your strangely shaped body.
Your system is resistant to poisons. (rPois)
You cover ground very slowly.
You can spit poison.
You have a snake-like lower body.


Message History

The wall freezes Grinder but does no damage.
Grinder hits you!
You writhe in agony.
Grinder completely resists.
The wall freezes Grinder but does no damage.
Grinder gestures at you. Pain shoots through your body!
You hit Grinder.
Grinder is severely wounded.
You have got your breath back.
Grinder resists.
The wall freezes Grinder.
Grinder gestures at you. Pain shoots through your body!
You closely miss Grinder.
Grinder is severely wounded.
Grinder resists.
The wall freezes Grinder.
Grinder hits you but does no damage.
Casting: Frozen Ramparts (dangerous; 2% risk of failure)
Confirm with . or Enter, or press ? or * to list all spells.
Aiming: Freeze (safe; 1% risk of failure)
Press: ? - help, Shift-Dir - straight line, f - Grinder
Aim: Grinder (severely wounded)
You freeze Grinder but do no damage.
Grinder completely resists. x2
The wall freezes Grinder but does no damage.
Grinder hits you!
* * * LOW HITPOINT WARNING * * *
You writhe in agony.
* * * LOW HITPOINT WARNING * * *
Casting: Freeze (safe; 1% risk of failure)
Confirm with . or Enter, or press ? or * to list all spells.
Aiming: Freeze (safe; 1% risk of failure)
Press: ? - help, Shift-Dir - straight line, f/p - Grinder
Aim: Grinder (severely wounded)
You freeze Grinder.
Grinder resists.
Grinder is severely wounded.
The wall freezes Grinder but does no damage.
Grinder gestures at you.
You suddenly lose the ability to move!
The frozen ramparts melt away.
Grinder hits you!
* * * LOW HITPOINT WARNING * * *
Grinder hits you!
You die...
Grinder says, "Now the real fun starts!"

#.....# #..#.#....##..
#.....# #..#......##..
#.....######..#.....(##..
#..........#[........##..
###.########.#.##......####
#...###....#......#....##..
#.##....#..#.##...#....##.#
#.##.####)#########....##.#
#....# #<@5..............#
###### #.########.)...####
##########.# #.#.......
...........#### #)####.###
..............# #.# #.#
..............# .o. #.#
..............# .o. #.#
########......# #.K.. #.#
###......# #.... #.#


You could see Grinder.

Vanquished Creatures
  Sigmund (D:3)
  An orc wizard (D:3)
  Terence (D:2)
  3 adders
  2 dart slugs
  3 orcs
  5 endoplasms
  2 giant cockroaches
  3 goblins
  4 hobgoblins
  4 jackals
  7 kobolds
  2 quokkas
  A ball python (D:2)
  4 bats
  3 frilled lizards
  4 rats
50 creatures vanquished.

Notes
Turn   | Place    | Note
-------+----------+-------------------------------------------
     0 | D:1      | Naiya55 the Naga Ice Elementalist began the quest for the
                  | Orb.
     0 | D:1      | Reached XP level 1. HP: 15/15 MP: 3/3
   701 | D:1      | Reached XP level 2. HP: 10/22 MP: 3/5
  1053 | D:2      | Found Oceuvini's Antique Weapon Emporium.
  1156 | D:2      | Reached XP level 3. HP: 13/28 MP: 0/6
  1256 | D:2      | Reached skill level 5 in Ice Magic
  1296 | D:2      | Learned a level 3 spell: Frozen Ramparts
  1349 | D:2      | Noticed Terence
  1407 | D:2      | Killed Terence
  1408 | D:2      | Reached XP level 4. HP: 22/36 MP: 0/7
  2041 | D:3      | Noticed Grinder
  2048 | D:3      | Paralysed by Grinder for 3 turns
  2062 | D:3      | Paralysed by Grinder for 5 turns
  2347 | D:3      | Found a hazy altar of Hepliaklqana.
  2482 | D:3      | Found a runed translucent door.
  2485 | D:3      | Noticed DocEon's ghost (amateur MiBe)
  2486 | D:3      | Noticed a sky beast
  2549 | D:3      | Noticed Sigmund
  2573 | D:3      | Killed Sigmund
  2574 | D:3      | Reached skill level 7 in Ice Magic
  2574 | D:3      | Reached XP level 5. HP: 32/42 MP: 4/8
  2574 | D:3      | Reached XP level 6. HP: 37/49 MP: 4/9
  2736 | D:3      | Paralysed by Grinder for 5 turns
  2757 | D:3      | Paralysed by Grinder for 2 turns
  2846 | D:3      | Paralysed by Grinder for 4 turns
  2848 | D:3      | Slain by Grinder

Illustrated notes

Levels and vault maps discovered:
D:1:      minmay_arrival_stone_box, layout_basic
D:2:      layout_basic, serial_shops, nicolae_shop_hallway_stairs, uniq_terence
D:3:      layout_basic, nicolae_overflow_crystal_walls,
          ebering_ghost_inner_flame, minivault_4, minmay_misc_feat_diagonals,
          uniq_sigmund, uniq_grinder

Skill      XL: |  1  2  3  4 |
---------------+-------------+-----
Ice Magic      | 5 7 |  7.4
Dodging        | |  1.5
Stealth        | |  3.0
Spellcasting   | |  2.0

Action                     |  1- 3 |  4- 6 || total
---------------------------+-------+-------++-------
  Melee: Dagger            |    42 |    19 ||    61
         Trident           |       |    42 ||    42
         Punch             |       |     2 ||     2
   Cast: Freeze            |    23 |    17 ||    40
         Frozen Ramparts   |     1 |    11 ||    12
Ability: Spit Poison       |     3 |     6 ||     9
    Use: Scroll            |     2 |       ||     2
         Potion            |       |     1 ||     1
   Stab: Sleeping          |     2 |       ||     2
 Armour: Robe              |    49 |    58 ||   107
  Dodge: Dodged            |    24 |    39 ||    63

Table legend: (Time is in decaauts)
 A = Elapsed time spent in this place.
 B = Non-inter-level travel time spent in this place.
 C = Inter-level travel time spent in this place.
 D = Time resting spent in this place.
 E = Time spent auto-exploring this place.
 F = Levels seen in this place.
 G = Mean time per level.
                   A        B        C        D        E       F      G
               +--------+--------+--------+--------+--------+-----+--------+
         Total |   3588 |   3373 |    215 |    260 |   2365 |   3 | 1196.0 |
       Dungeon |   3588 |   3373 |    215 |    260 |   2365 |   3 | 1196.0 |
               +--------+--------+--------+--------+--------+-----+--------+

Top non-repeatable levels by time:
     D:2: 1392 daAuts
     D:1: 1384 daAuts
     D:3: 810 daAuts
